Map: Backwater LE

Players

Honor - Winner!

  • Race: Zerg Zerg
  • League: Master
  • Spawn Location: 5:00

A.I. 1 (Elite)

  • Race: Zerg Zerg
  • Spawn Location: 11:00

VOD

Have the link to the VOD?

Description

Time

  • Played on: April 5, 2018, 9:23 a.m.
  • Length: 10:45
Show
View Real Time Build Order
Export as new Build Order

Honor Zerg - Winner!

Build Orders: Pool First 

Get SALT Encoding   

  12  0:01  Drone  
  13  0:12  Overlord  
  13  0:19  Drone  
  14  0:30  Drone x2  
  14  0:34  Drone  
  17  0:47  Spawning Pool  
  17  0:49  Drone  
  17  1:11  Hatchery  
  17  1:14  Drone  
  17  1:16  Extractor  
  16  1:20  Drone  
  16  1:23  Drone  
  18  1:34  Queen  
  18  1:37  Zergling x2  
  21  1:43  Overlord  
  21  1:49  Drone  
  22  2:02  Drone  
  23  2:09  Queen  
  23  2:14  Drone  
  26  2:18  Metabolic Boost  
  26  2:22  Roach Warren  
  25  2:31  Spine Crawler  
  25  2:35  Drone x2  
  26  2:39  Drone  
  28  2:44  Drone  
  28  2:49  Drone  
  28  2:50  Drone  
  30  2:57  Drone  
  30  2:58  Drone x2  
  33  3:01  Drone  
  34  3:07  Overlord  
  34  3:11  Drone  
  35  3:21  Drone  
  35  3:25  Drone  
  35  3:26  Drone x5  
  42  3:27  Drone  
  43  3:42  Hatchery  
  41  3:51  Drone, Extractor  
  41  3:52  Drone  
  42  3:56  Lair  
  42  3:59  Drone, Evolution Chamber  
  42  4:02  Overlord  
  42  4:03  Overlord  
  42  4:22  Roach x4  
  42  4:23  Roach x2  
  54  4:29  Roach  
  56  4:31  Queen  
  56  4:32  Overlord x2  
  58  4:41  Zerg Missile Weapons Level 1  
  58  4:49  Overlord x2  
  58  4:52  Roach x2  
  64  4:53  Roach x2  
  66  5:05  Drone x3  
  66  5:06  Drone x5  
  74  5:15  Glial Reconstitution  
  74  5:23  Spore Crawler  
  74  5:25  Spore Crawler  
  74  5:26  Spore Crawler  
  74  5:27  Drone  
  72  5:29  Drone x2  
  72  5:30  Drone x4  
  78  5:37  Extractor  
  78  5:39  Drone x2, Extractor  
  78  5:40  Drone  
  78  5:41  Drone x2  
  78  5:42  Drone  
  82  5:46  Overlord  
  82  5:47  Overlord  
  82  5:56  Hydralisk Den  
  81  5:58  Roach x3  
  87  6:11  Roach x7  
  101  6:24  Overlord x2  
  101  6:25  Overlord  
  101  6:37  Zerg Missile Weapons Level 2  
  101  6:38  Grooved Spines  
  101  6:40  Roach x4  
  101  6:41  Roach  
  111  6:47  Roach x3  
  117  6:55  Roach  
  117  6:56  Roach x3  
  125  7:06  Roach  
  125  7:07  Roach x3  
  133  7:10  Extractor  
  133  7:12  Extractor  
  133  7:15  Drone x3  
  133  7:18  Roach x2  
  133  7:20  Overlord x3  
  138  7:41  Drone x3  
  138  7:42  Drone  
  142  7:47  Roach  
  142  7:48  Roach x5  
  152  7:53  Hydralisk x3  
  152  7:54  Hydralisk x5  
  150  8:02  Overseer  
  144  8:09  Roach x5  
  154  8:22  Hydralisk x4  
  154  8:26  Overlord x4  
  162  8:45  Hydralisk x4  
  162  8:46  Hydralisk x3  
  176  8:54  Overseer  
  176  8:59  Hydralisk  
  176  9:00  Hydralisk x4  
  176  9:17  Roach x7  
  176  9:18  Roach x2  
  176  9:33  Roach x7  
  176  9:34  Roach  
  174  9:54  Hydralisk  
  174  9:55  Hydralisk x3  
  174  9:56  Roach x3  
  174  9:59  Overlord x3  
  186  10:24  Roach x5  
  186  10:25  Roach x2  
Show
View Real Time Build Order
Export as new Build Order

A.I. 1 (Elite) Zerg 

Build Orders: Hatch First 

Get SALT Encoding   

  12  0:00  Drone  
  13  0:12  Overlord  
  13  0:17  Drone  
  14  0:30  Drone x2  
  14  0:34  Drone  
  17  0:54  Hatchery  
  17  0:56  Drone  
  17  1:12  Spawning Pool  
  17  1:14  Drone  
  17  1:17  Extractor  
  16  1:19  Drone  
  16  1:23  Drone  
  18  1:27  Drone  
  19  1:38  Overlord  
  19  1:49  Drone  
  20  1:59  Zergling x2  
  20  2:01  Queen  
  21  2:06  Drone  
  24  2:13  Queen  
  26  2:19  Drone  
  27  2:32  Roach Warren  
  27  2:33  Extractor  
  27  2:35  Drone  
  26  2:39  Drone  
  27  2:45  Overlord  
  27  2:48  Drone  
  28  2:52  Drone  
  28  2:55  Zergling x2  
  28  2:58  Drone  
  30  3:02  Drone  
  30  3:04  Drone  
  32  3:08  Zergling x2  
  32  3:11  Zergling x2  
  34  3:16  Roach  
  36  3:21  Roach  
  36  3:26  Roach  
  40  3:28  Roach  
  40  3:31  Drone  
  43  3:34  Drone  
  43  3:40  Overlord  
  44  3:48  Lair  
  44  3:53  Metabolic Boost  
  44  3:59  Drone  
  44  4:01  Drone  
  46  4:04  Drone  
  46  4:06  Drone  
  46  4:09  Drone  
  49  4:10  Drone  
  49  4:14  Drone  
  51  4:18  Overlord  
  51  4:20  Drone  
  52  4:26  Drone, Evolution Chamber  
  52  4:30  Evolution Chamber  
  52  4:31  Drone  
  52  4:37  Drone x2  
  54  4:40  Drone  
  54  4:42  Drone  
  54  4:44  Drone  
  57  4:46  Drone  
  57  4:47  Infestation Pit, Drone  
  57  4:51  Zerg Missile Weapons Level 1  
  58  4:57  Zerg Ground Armor Level 1  
  58  5:00  Overlord  
  58  5:05  Hydralisk Den  
  57  5:08  Drone  
  57  5:13  Extractor  
  57  5:14  Drone  
  58  5:18  Overlord, Drone, Roach  
  58  5:19  Drone  
  58  5:21  Drone  
  63  5:22  Drone  
  63  5:24  Drone  
  65  5:35  Hydralisk x2, Roach, Extractor  
  68  5:36  Drone, Roach  
  68  5:37  Overlord  
  68  5:40  Hydralisk  
  75  5:54  Hydralisk  
  75  5:55  Overlord, Drone  
  75  5:56  Hydralisk, Roach  
  82  5:57  Drone  
  82  5:59  Drone  
  84  6:12  Hydralisk  
  84  6:13  Overlord, Ravager  
  84  6:17  Drone, Lurker Den  
  87  6:27  Roach  
  87  6:29  Hatchery  
  87  6:30  Drone  
  87  6:31  Overlord  
  89  6:36  Roach  
  89  6:39  Roach  
  93  6:41  Ravager  
  93  6:42  Roach  
  93  6:45  Hydralisk  
  98  6:50  Overlord, Hydralisk  
  100  6:56  Overseer  
  100  7:07  Spine Crawler  
  100  7:08  Zerg Missile Weapons Level 2, Drone  
  100  7:13  Spine Crawler  
  100  7:14  Drone  
  100  7:30  Zerg Ground Armor Level 2  
  100  7:36  Overlord, Queen  
  102  7:39  Glial Reconstitution  
  102  7:41  Drone x3  
  102  7:42  Drone x5  
  102  7:43  Drone x4, Lurker, Roach  
  102  7:44  Drone  
  114  7:51  Drone, Hatchery, Extractor  
  114  7:52  Drone  
  114  7:53  Zergling x2  
  114  7:54  Drone  
  114  7:55  Zergling x2  
  114  7:57  Drone  
  96  8:02  Roach  
  96  8:03  Roach  
  96  8:05  Hydralisk  
  83  8:06  Roach  
  83  8:07  Hydralisk  
  83  8:10  Hydralisk  
  83  8:12  Hydralisk  
  91  8:15  Drone  
  91  8:17  Drone  
  95  8:23  Drone  
  95  8:25  Hydralisk, Drone x2, Ravager  
  95  8:26  Roach  
  103  8:28  Drone  
  104  8:34  Drone  
  104  8:35  Ravager  
  104  8:37  Overlord, Roach x2, Extractor  
  104  8:39  Roach  
  111  8:45  Roach  
  111  8:48  Roach  
  115  8:50  Roach  
  115  8:54  Spore Crawler  
  116  8:55  Spore Crawler  
  116  8:56  Overlord, Roach  
  116  8:57  Roach x2  
  116  8:58  Hydralisk  
  116  9:01  Drone  
  124  9:03  Roach  
  124  9:05  Hydralisk  
  124  9:06  Roach x2  
  124  9:07  Drone  
  127  9:10  Zergling x2  
  127  9:12  Roach  
  129  9:18  Overlord  
  129  9:21  Zergling x2  
  129  9:23  Drone, Lurker  
  112  9:25  Hydralisk  
  112  9:29  Hydralisk  
  112  9:30  Hydralisk  
  103  9:33  Zergling x2  
  103  9:34  Drone  
  103  9:35  Drone  
  103  9:36  Drone  
  103  9:38  Drone  
  95  9:39  Drone  
  95  9:40  Drone  
  95  9:42  Hatchery  
  95  9:44  Roach  
  87  9:46  Roach  
  87  9:47  Zergling x2  
  55  10:03  Zergling x2  
  51  10:08  Roach  
  44  10:22  Hatchery  
Tags
 
League
Master
Matchup
ZvZ
Race
Zerg
Spawn Locations
Cross Positions
Add a new tag
Caveats
  • Supply blocks, unpowered buildings, or Contaminate may cause inaccurate times.
  • Supply counts are checked every 10 seconds.